 Dungeon Crawl Stone Soup version 0.22.1-2-g9c5b331 (webtiles) character file.

37840 thomasnlv21 the Fighter (level 13, -18/122 HPs)
             Began as a Minotaur Berserker on Nov 19, 2018.
             Was a High Priest of Trog.
             Engulfed by an ice statue's freezing vapour (24 damage)
             ... in an ice cave.
             The game lasted 01:06:12 (19959 turns).

thomasnlv21 the Fighter (Minotaur Berserker)       Turns: 19959, Time: 01:06:13

Health: -18/122    AC: 10    Str: 29    XL:     13   Next: 60%
Magic:  4/4        EV: 19    Int:  4    God:    Trog [*****.]
Gold:   1262       SH:  8    Dex: 13    Spells: 12/12 levels left

rFire    . . .     SeeInvis +   I - +12 broad axe of Doom {antimagic, rElec}
rCold    . . .     Gourm    .   v - +1 buckler
rNeg     . . .     Faith    .   (no armour)
rPois    .         Spirit   .   (helmet restricted)
rElec    +         Reflect  .   x - +2 cloak
rCorr    .         Harm     .   n - +0 pair of gloves
MR       .....                  (no boots)
Stlth    +.........             (no amulet)
HPRegen  0.30/turn              R - ring of see invisible
MPRegen  0.09/turn              e - +5 ring of protection

@: mighty, berserk cooldown, slowed, very slow
A: retaliatory headbutt, horns 2
a: Berserk, Trog's Hand, Brothers in Arms, Renounce Religion


You were in an ice cave.
You worshipped Trog.
Trog was extremely pleased with you.
You were very hungry.

You visited 3 branches of the dungeon, and saw 18 of its levels.
You also visited: Ossuary and Ice Cave.

You collected 1262 gold pieces.

Inventory:

Hand Weapons
 y - a +2 antimagic executioner's axe
 I - the +12 broad axe of Doom (weapon) {antimagic, rElec}
   (Trog gifted it to you on level 11 of the Dungeon)

   It reduces the magical energy of the wielder, and disrupts the spells and
   magical abilities of those hit.
   Natural abilities and divine invocations are not affected.
   It insulates you from electricity.
 L - a +8 antimagic war axe
 M - a +2 flail of flaming
Armour
 j - the +6 plate armour of Good Intentions {rN+ Int+3}
   (You found it on level 6 of the Dungeon)

   It affects your intelligence (+3).
   It protects you from negative energy.
 n - a +0 pair of gloves (worn)
 p - a +0 leather armour of cold resistance
 v - a +1 buckler (worn)
 x - a +2 cloak (worn)
 z - the +4 plate armour of Ethics {Regen+ Str+4}
   (You found it on level 9 of the Dungeon)

   It affects your strength (+4).
   It increases your rate of regeneration.
Jewellery
 d - an uncursed ring of flight
 e - a +5 ring of protection (right hand)
 g - an uncursed ring of resist corrosion
 i - a +2 ring of intelligence
 m - an uncursed ring of magical power
 o - a +3 ring of strength
 A - an uncursed ring of magical power
 P - an uncursed ring of protection from magic
 R - a ring of see invisible (left hand)
 S - an uncursed ring of fire
Wands
 r - a wand of flame (26)
 C - a wand of random effects (52)
 E - a wand of digging (8)
 J - a wand of disintegration (14)
 O - a wand of polymorph (9)
Scrolls
 h - 7 scrolls of identify
 s - 7 scrolls of remove curse
 B - 2 scrolls of teleportation
 D - a scroll of magic mapping
 F - 2 scrolls of enchant armour
 G - 3 scrolls of fog
 H - a scroll of fear
Potions
 a - a potion of invisibility {unknown}
 b - 2 potions of flight
 f - 11 potions of curing
 l - 2 potions of ambrosia
 q - a potion of lignification
 t - 5 potions of heal wounds
 u - 6 potions of agility
 w - 4 potions of magic
 K - a potion of berserk rage
Comestibles
 c - 17 rations
 k - 2 chunks of flesh


   Skills:
 + Level 13.2 Fighting
 + Level 13.2 Axes
 + Level 12.9 Armour
 + Level 12.0 Dodging
 + Level 11.6 Shields


You had 12 spell levels left.
You didn't know any spells.
Your spell library was empty.

Dungeon Overview and Level Annotations

Branches:
Dungeon (13/15)            Temple (1/1) D:7            Lair (4/6) D:9
 Shoals (0/4) Lair:3       Spider (0/4) Lair:2          Orc (0/2) D:11
 Vaults: D:13-14

Altars:
Ashenzari
Cheibriados
Dithmenos
Elyvilon
Fedhas
Gozag
Hepliaklqana
Kikubaaqudgha
Makhleb
Nemelex Xobeh
Okawaru
Qazlal
Ru
Sif Muna
Trog
Uskayaw
Vehumet
Wu Jian
Xom
Yredelemnul
Zin
The Shining One

Shops:
D:10 *

Portals:
Trove: D:13 (show slimy rune of Zot)

Annotations:
D:7 2 transporters, Lauz's ghost, novice MiBe
D:10 3 runed doors, MordorOrchid's ghost, journeyman DrEE IceCv 1 transporter, exclusion: 2 ice statues


Innate Abilities, Weirdness & Mutations

You reflexively headbutt those who attack you in melee.
You have a pair of horns on your head.


Message History

You hit the ice statue.
The ice statue's magic leaks into the air.
The ice statue is almost destroyed.
The ice statue glitters chillingly in the dim dungeon light.
The ice statue gestures at you. The freezing blast engulfs you!
* * * LOW HITPOINT WARNING * * *
The ice statue falters for a moment.
The ice statue gestures at you. The shard of ice hits you!
You feel much better.
You are engulfed in freezing vapours.
* * * LOW HITPOINT WARNING * * *
The ice statue falters for a moment.
You feel much better.
You are engulfed in freezing vapours.
* * * LOW HITPOINT WARNING * * *
The ice statue glitters chillingly in the dim dungeon light.
The ice statue gestures.
You feel very mighty all of a sudden.
You are engulfed in freezing vapours.
You die...

#######
##.....##
##...∩...##
##.........##
#.....©.....#
#...........#
#......§§§..##
#.......§@§...#
#....8.Y§8§...#
#......[§.....#
##....)./....##
#...8.[.8...#
##...$©(...##
###########


You could see 2 ice statues and an ice beast.

Vanquished Creatures
  Erolcha (D:10)
  The ghost of emiel the Thaumaturge, a journeyman GrIE of Vehumet (Lair:2)
  2 hydras
  A centaur warrior (D:13)
  2 two-headed ogres
  3 skeletal warriors (D:13)
  2 unseen horrors
  A deep elf mage (D:13)
  4 ugly things
  2 cyclopes
  A torpor snail (Lair:3)
  3 spiny frogs (Lair:3)
  A komodo dragon (D:12)
  2 centaur skeletons
  6 rime drakes
  3 trolls
  A jumping spider (Lair:2)
  A hornet (D:9)
  A snapping turtle (Lair:3)
  5 blink frogs (Lair:1)
  2 hippogriffs
  A redback (Lair:2)
  30 yaks
  Eustachio (D:4)
  4 basilisks
  3 wyverns
  A hungry ghost (D:7)
  A steam dragon (Lair:2)
  8 porcupines
  9 water moccasins
  4 orc warriors
  Duvessa (D:6)
  2 black bears
  17 ice beasts
  3 phantoms
  3 sky beasts
  10 wolves
  8 ogres
  3 eyes of draining
  A black mamba simulacrum (Lair:2)
  5 centaurs
  13 crocodiles
  A big kobold (D:9)
  11 bullfrogs
  Dowan (D:6)
  3 scorpions
  19 killer bees
  3 howler monkeys
  A lava snake (D:12)
  8 crimson imps
  2 bullfrog zombies
  A quasit (D:9)
  3 centaur zombies
  3 jellies
  6 orc priests
  5 hounds
  2 human zombies (Ossuary)
  2 bullfrog skeletons
  3 iguanas
  11 orc wizards
  8 worker ants
  A yak simulacrum (Lair:2)
  A wolf simulacrum (Lair:2)
  A bullfrog simulacrum (Lair:2)
  A big kobold zombie (Ossuary)
  2 hound zombies
  A basilisk simulacrum (Lair:2)
  2 hound skeletons
  4 mummies (Ossuary)
  A worker ant zombie (D:11)
  11 adders
  A crocodile simulacrum (Lair:2)
  A howler monkey skeleton (D:11)
  11 gnolls
  4 shadow imps
  An ooze (D:3)
  3 adder zombies
  3 worms
  4 dart slugs
  4 leopard geckos
  60 orcs
  4 ball pythons
  4 giant cockroaches
  A gnoll zombie (Ossuary)
  10 goblins
  7 hobgoblins
  6 jackals
  9 kobolds
  4 quokkas
  9 bats
  9 frilled lizards
  A goblin zombie (Ossuary)
  A jackal skeleton (D:7)
  2 jackal zombies (Ossuary)
  An orc zombie (Ossuary)
  20 rats
  A rat zombie (Ossuary)
  A fungus (Lair:3)
  2 plants
475 creatures vanquished.

Vanquished Creatures (others)
  A bullfrog skeleton (D:8)
  A fungus (Lair:3)
  4 plants
6 creatures vanquished.

Grand Total: 481 creatures vanquished

Notes
Turn   | Place    | Note
-------+----------+-------------------------------------------
     0 | D:1      | thomasnlv21 the Minotaur Berserker began the quest for the
                  | Orb.
     0 | D:1      | Reached XP level 1. HP: 19/19 MP: 0/0
   129 | D:1      | Reached XP level 2. HP: 26/27 MP: 1/1
   473 | D:1      | Reached ** piety under Trog
   664 | D:1      | Reached XP level 3. HP: 29/33 MP: 2/2
  1176 | D:2      | Found a shadowy altar of Dithmenos.
  1782 | D:2      | Noticed a dagger
  1782 | D:2      | Noticed a dagger
  1804 | D:2      | Found a hide-covered altar of Uskayaw.
  1824 | D:2      | Reached XP level 4. HP: 40/41 MP: 3/3
  2140 | D:2      | Found an opulent altar of Gozag.
  2141 | D:2      | Found a glowing silver altar of Zin.
  2282 | D:3      | Reached *** piety under Trog
  2464 | D:3      | Reached XP level 5. HP: 13/47 MP: 4/4
  3103 | D:3      | Found a faded altar of an unknown god.
  3748 | D:3      | Found a stormy altar of Qazlal.
  3934 | D:4      | Reached skill level 5 in Fighting
  3934 | D:4      | Reached skill level 5 in Axes
  4311 | D:4      | Noticed Eustachio
  4317 | D:4      | Killed Eustachio
  4317 | D:4      | Reached XP level 6. HP: 56/56 MP: 5/5
  4321 | D:4      | Found a burning altar of Makhleb.
  4898 | D:4      | Found a blossoming altar of Fedhas.
  4939 | D:4      | Reached **** piety under Trog
  4939 | D:4      | Reached XP level 7. HP: 58/62 MP: 6/6
  5183 | D:4      | Reached skill level 5 in Armour
  5471 | D:5      | Entered Level 5 of the Dungeon
  5501 | D:5      | Reached skill level 5 in Dodging
  5571 | D:5      | Found a sand-covered staircase.
  5598 | Ossuary  | Entered an ossuary
  5609 | Ossuary  | Reached XP level 8. HP: 71/71 MP: 7/7
  7393 | D:6      | Noticed Duvessa
  7394 | D:6      | Noticed Dowan
  7403 | D:6      | Killed Duvessa
  7422 | D:6      | Killed Dowan
  7850 | D:6      | Got a brightly glowing plate armour
  7868 | D:6      | Identified the +6 plate armour of Good Intentions {rN+
                  | Int+3} (You found it on level 6 of the Dungeon)
  7948 | D:7      | Reached XP level 9. HP: 67/81 MP: 8/8
  8047 | D:7      | Noticed a troll
  8061 | D:7      | Killed a troll
  8456 | D:7      | Found a deep blue altar of Sif Muna.
  8509 | D:7      | Reached ***** piety under Trog
  8662 | D:7      | Found a transporter.
  8662 | D:7      | Noticed a two-headed ogre
  8662 | D:7      | Noticed Lauz's ghost (novice MiBe)
  8663 | D:7      | Found a transporter.
  8832 | D:7      | Found a staircase to the Ecumenical Temple.
  8842 | Temple   | Entered the Ecumenical Temple
  9052 | D:7      | Reached skill level 1 in Shields
  9688 | D:8      | Found a sparkling altar of Nemelex Xobeh.
 10060 | D:8      | Noticed a two-headed ogre
 10072 | D:8      | Killed a two-headed ogre
 10072 | D:8      | Reached XP level 10. HP: 56/91 MP: 9/9
 10503 | D:8      | Reached skill level 10 in Fighting
 10503 | D:8      | Reached skill level 10 in Axes
 10503 | D:8      | Reached skill level 10 in Armour
 10503 | D:8      | Reached XP level 11. HP: 101/101 MP: 10/10
 11017 | D:9      | Found a hazy altar of Hepliaklqana.
 11161 | D:9      | Received a gift from Trog
 11202 | D:9      | Got a fine plate armour
 11213 | D:9      | Identified the +4 plate armour of Ethics {Regen+ Str+4}
                  | (You found it on level 9 of the Dungeon)
 11405 | D:9      | Found a staircase to the Lair.
 11895 | D:9      | Found a sacrificial altar of Ru.
 12020 | D:9      | Found a radiant altar of Vehumet.
 12140 | D:10     | Entered Level 10 of the Dungeon
 12144 | D:10     | You fall through a shaft for 3 floors!
 12215 | D:13     | Killed an unseen horror
 12588 | D:13     | Noticed a centaur warrior
 12603 | D:13     | Killed a centaur warrior
 12763 | D:13     | Noticed a deep elf mage
 12768 | D:13     | Killed a deep elf mage
 12768 | D:13     | Reached skill level 10 in Dodging
 13013 | D:13     | Found a portal to a secret trove of treasure.
 13027 | D:13     | Noticed a skeletal warrior
 13027 | D:13     | Noticed a skeletal warrior
 13043 | D:13     | Killed a skeletal warrior
 13049 | D:13     | Killed a skeletal warrior
 13172 | D:13     | Noticed a skeletal warrior
 13179 | D:13     | Killed a skeletal warrior
 13179 | D:13     | Reached XP level 12. HP: 106/110 MP: 11/11
 14566 | D:12     | Noticed a two-headed ogre
 14573 | D:12     | Killed a two-headed ogre
 14795 | D:11     | Found a staircase to the Orcish Mines.
 14985 | D:11     | Reached skill level 10 in Shields
 15062 | D:11     | Received a gift from Trog
 15065 | D:11     | Got a pitted broad axe {god gift}
 15066 | D:11     | Identified the +12 broad axe of Doom {antimagic, rElec}
                  | (Trog gifted it to you on level 11 of the Dungeon)
 15532 | D:10     | Noticed Erolcha
 15538 | D:10     | Killed Erolcha
 15762 | D:10     | Found a runed gate.
 15763 | D:10     | Found an opulent altar of Gozag.
 15765 | D:10     | Found Bewed's Assorted Antiques.
 15766 | D:10     | Found a runed gate.
 15766 | D:10     | Found a runed gate.
 15767 | D:10     | Noticed MordorOrchid's ghost (journeyman DrEE)
 15767 | D:10     | Noticed a centaur warrior
 16428 | Lair:1   | Entered Level 1 of the Lair of Beasts
 17020 | Lair:1   | Received a gift from Trog
 17058 | Lair:1   | Noticed a four-headed hydra
 17067 | Lair:1   | Killed a four-headed hydra
 17466 | Lair:2   | Noticed emiel's ghost (journeyman GrIE)
 17469 | Lair:2   | Noticed a four-headed hydra
 17478 | Lair:2   | Killed a four-headed hydra
 17478 | Lair:2   | Reached XP level 13. HP: 88/119 MP: 3/12
 17870 | Lair:2   | Found a runed gate.
 17870 | Lair:2   | Found a runed gate.
 17870 | Lair:2   | Found a runed gate.
 17890 | Lair:2   | Found a hole to the Spider Nest.
 18295 | Lair:2   | Killed emiel's ghost
 18345 | Lair:2   | Reached ****** piety under Trog
 19013 | Lair:3   | Found a staircase to the Shoals.
 19322 | Lair:3   | Received a gift from Trog
 19844 | Lair:4   | Found a frozen archway.
 19886 | IceCv    | Entered an ice cave
 19887 | IceCv    | Found a transporter.
 19943 | IceCv    | Found a transporter.
 19958 | IceCv    | HP: 5/122 [ice statue] (30)]
 19959 | IceCv    | Engulfed by an ice statue's freezing vapour

Skill      XL: |  1  2  3  4  5  6  7  8  9 10 11 12 13 |
---------------+----------------------------------------+-----
Fighting       | 4 5 6 7 9 10 11 12 13 | 13.2
Axes           | 4 5 6 7 9 10 11 12 13 | 13.2
Armour         | 3 4 5 7 8 10 11 12 | 12.9
Dodging        | 3 4 5 6 8 9 10 11 12 | 12.0
Shields        | 3 8 9 10 11 | 11.6

Action                   |  1- 3 |  4- 6 |  7- 9 | 10-12 | 13-15 || total
-------------------------+-------+-------+-------+-------+-------++-------
Melee: Hand axe          |    92 |   115 |   411 |   194 |       ||   812
       Headbutt          |    11 |    25 |    92 |   128 |    46 ||   302
       War axe           |       |       |       |   160 |       ||   160
       Broad axe         |       |       |       |   117 |   191 ||   308
       Flail             |       |       |       |    10 |     6 ||    16
Invok: Berserk           |       |     1 |     3 |     6 |     2 ||    12
Evoke: Wand              |       |       |       |       |     3 ||     3
  Use: Scroll            |     5 |     1 |    10 |     8 |     6 ||    30
       Potion            |     2 |     6 |     2 |     3 |     4 ||    17
  Eat: Chunk             |     3 |    10 |    16 |    22 |     6 ||    57
       Ration            |       |       |     2 |     2 |     1 ||     5
Armor: Animal skin       |    26 |       |       |       |       ||    26
       Skin              |     2 |       |       |       |     3 ||     5
       Scale mail        |       |    64 |    63 |       |       ||   127
       Plate armour      |       |       |   228 |   309 |    70 ||   607
Dodge: Dodged            |    81 |   101 |   218 |   203 |   110 ||   713
Block: Buckler           |       |       |       |   132 |    70 ||   202
